 Dungeon Crawl Stone Soup version 0.28-a0-1038-g9c4cb8273d (webtiles) character file.

Game seed: 16141470090363202004

1099 sanka the Insei (level 8, -10/48 HPs)
             Began as a Kobold Cinder Acolyte on Dec 8, 2021.
             Was a High Priest of Ignis.
             Mangled by Duvessa (12 damage)
             ... on level 5 of the Dungeon.
             The game lasted 00:10:57 (6540 turns).

sanka the Insei (Kobold Cinder Acolyte)             Turns: 6540, Time: 00:10:58

Health: -10/48     AC:  2    Str: 11    XL:     8   Next: 57%
Magic:  1/20       EV: 15    Int: 15    God:    Ignis [*****.]
Gold:   339        SH:  0    Dex: 13    Spells: 9/11 levels left

rFire   + . .      SeeInvis .     - Unarmed
rCold   . . .      Faith    .   (shield restricted)
rNeg    + . .      Spirit   .   a - +0 robe
rPois   .          Reflect  .   (no helmet)
rElec   .          Harm     .   (no cloak)
rCorr   .          Rampage  .   (no gloves)
Will    +....                   (no boots)
Stlth   ++........              e - amulet of regeneration
HPRegen 0.96/turn               (no ring)
MPRegen 0.17/turn               m - ring of Reklid {rN+ Will+ MP+9}

@: no status effects
A: small, no large weapons, nightstalker 3
a: Renounce Religion, Fiery Armour, Foxfire Swarm, Rising Flame


You were on level 5 of the Dungeon.
You worshipped Ignis.
Ignis was extremely pleased with you.
You visited 1 branch of the dungeon, and saw 5 of its levels.

You collected 339 gold pieces.


Innate Abilities, Weirdness & Mutations

You are small and have problems with some larger weapons.
You are completely attuned to the shadows.


   Skills:
 - Level 4.0 Fighting
 + Level 4.4 Dodging
 * Level 7.8 Unarmed Combat
 - Level 2.0 Spellcasting
 - Level 5.0 Fire Magic


You had 9 spell levels left.
You knew the following spells:

 Your Spells              Type           Power      Damage    Failure   Level
y - Scorch                Fire           32%        2d7       4%          2

Your spell library contained the following spells:

 Spells                   Type           Power      Damage    Failure   Level
 Portal Projectile        Hex/Tloc       2%         N/A       54%         3
 Blade Hands              Tmut           0%         N/A       99%         5
 Excruciating Wounds      Necr           0%         N/A       99%         5

Inventory:

Hand Weapons
 c - a +0 dagger of draining
Missiles
 f - 5 curare-tipped darts {=f}
 g - 2 throwing nets {=f}
Armour
 a - a +0 robe (worn)
Jewellery
 e - an amulet of regeneration (around neck)
 m - the ring of Reklid (right hand) {rN+ Will+ MP+9}

   [ring of willpower]

   rN:        It protects you from negative energy.
   MP:        It affects your magic capacity (+9).
   Will:      It increases your willpower.
Scrolls
 h - 3 scrolls of enchant armour
 i - a scroll of blinking {unknown}
 j - a scroll of teleportation {unknown}
 k - a scroll of silence {!r}
 q - a scroll of magic mapping {unknown}
Potions
 b - a potion of curing {unknown}
 d - a potion of degeneration {unknown}
 l - a potion of berserk rage {unknown}
 n - a potion of haste {unknown}
 o - a potion of mutation {unknown}
 p - a potion of flight {unknown}
 r - a potion of might {unknown}
 s - a potion of heal wounds {unknown}

Dungeon Overview and Level Annotations

Branches:
Dungeon (5/15)
 Temple: D:4-7

Altars:

Annotations:
D:5 Duvessa

▒....▒...... ▒▒...▒.....▒
.....▒▒▒▒▒▒ ▒▒...▒.....▒
.....▒▒...▒▒ ▒....'.....▒
.....▒......
▒....▒.....+?......▒......
▒....▒▒....▒▒......'...e..
▒....▒▒....▒▒.....▒▒▒#....
▒..........▒▒▒'▒▒▒▒▒▒.....
............K)...........
............{............
.........................
.........................
.........................
▒▒▒▒▒▒▒▒▒▒▒▒▒▒▒▒▒▒▒▒▒▒▒▒▒


There were no monsters in sight!


Message History

Something hits you. Dowan misses you.
Flames lash Dowan.
Dowan is moderately wounded.
Dowan's fire resistance burns away.
Something hits you.
Dowan points at you and mumbles some strange words.
The puff of flame hits you. You resist.
* * * LOW HITPOINT WARNING * * *
Flames lash something.
Something hits you.
* * * LOW HITPOINT WARNING * * *
Dowan hits you with a +0 dagger.
* * * LOW HITPOINT WARNING * * *
Unknown command.
Flames lash Dowan.
Dowan is burned terribly!
Dowan is severely wounded.
Something hits you!
* * * LOW HITPOINT WARNING * * *
Dowan misses you.
Unknown command.
Okay, then.
Flames lash Dowan.
Dowan is burned terribly!
You kill Dowan!
Something screams in rage.
Something hits you!
You die...

Action                   |  1- 3 |  4- 6 |  7- 9 || total
-------------------------+-------+-------+-------++-------
Melee: Unarmed           |   149 |   114 |    29 ||   292
       Punch             |       |     5 |     3 ||     8
 Cast: Scorch            |       |    23 |    63 ||    86
  Use: Scroll            |       |     2 |       ||     2
 Stab: Sleeping          |     4 |     7 |       ||    11
       Distracted        |     1 |       |       ||     1
Armor: Robe              |    29 |    12 |     4 ||    45
Dodge: Dodged            |    92 |    66 |    42 ||   200

Levels and vault maps discovered:
D:1:      psy_arrival_conway, layout_basic, minmay_bisected
D:2:      layout_basic, dreamdust_ecumenical_altar_sealed_demon
D:3:      layout_basic, kennysheep_cross_bottleneck, minmay_crystal_room,
          uniq_jessica
D:4:      layout_gridville, chequers_mini_garden
D:5:      layout_gridville, nicolae_dithmenos_through_a_glass_darkly,
          uniq_duvessa

Notes
Turn   | Place    | Note
-------+----------+-------------------------------------------
     0 | D:1      | sanka the Kobold Cinder Acolyte began the quest for the
                  | Orb.
     0 | D:1      | Reached XP level 1. HP: 14/14 MP: 2/2
   143 | D:1      | Reached XP level 2. HP: 13/19 MP: 3/3
   848 | D:1      | Reached skill level 4 in Unarmed Combat
   848 | D:1      | Reached XP level 3. HP: 23/23 MP: 4/4
  2067 | D:2      | Noticed a hellion
  2071 | D:2      | Found a faded altar of an unknown god.
  2229 | D:2      | Reached XP level 4. HP: 26/27 MP: 5/5
  2639 | D:3      | Reached skill level 5 in Unarmed Combat
  3331 | D:3      | Noticed a sky beast
  3643 | D:2      | Reached XP level 5. HP: 8/32 MP: 6/6
  3892 | D:3      | Learned a level 2 spell: Scorch
  4674 | D:4      | Noticed a water moccasin
  4705 | D:4      | Identified the ring of Reklid {rN+ Will+ MP+9}
  5071 | D:4      | Killed a water moccasin
  5072 | D:4      | Reached skill level 2 in Spellcasting
  5072 | D:4      | Reached skill level 4 in Fire Magic
  5072 | D:4      | Reached XP level 6. HP: 37/37 MP: 7/9
  5157 | D:5      | Entered Level 5 of the Dungeon
  5218 | D:3      | Killed a sky beast
  5219 | D:3      | Reached skill level 5 in Fire Magic
  5299 | D:3      | Noticed Jessica
  5301 | D:3      | Killed Jessica
  5302 | D:3      | Reached XP level 7. HP: 41/41 MP: 10/10
  5461 | D:4      | Reached skill level 1 in Dodging
  5461 | D:4      | Reached skill level 6 in Unarmed Combat
  5614 | D:5      | Reached skill level 2 in Dodging
  5653 | D:5      | Reached skill level 4 in Fighting
  5941 | D:5      | Reached XP level 8. HP: 48/48 MP: 11/11
  6003 | D:5      | Reached skill level 3 in Dodging
  6003 | D:5      | Reached skill level 7 in Unarmed Combat
  6267 | D:5      | Reached skill level 4 in Dodging
  6513 | D:5      | Noticed Dowan
  6527 | D:5      | Noticed Duvessa
  6539 | D:5      | HP: 2/48 [something (12)]
  6540 | D:5      | Killed Dowan
  6540 | D:5      | Mangled by Duvessa

Vanquished Creatures
  A water moccasin (D:4)
  An ice beast (D:5)
  2 sky beasts
  A phantom (D:5)
  A scorpion (D:5)
  Dowan (D:5)
  5 wights
  A howler monkey (D:5)
  A centaur skeleton (D:5)
  An orc priest (D:5)
  Jessica (D:3)
  2 orc wizards (D:5)
  8 gnolls
  5 adders
  A white imp (D:5)
  2 worms (D:3)
  A dart slug (D:1)
  5 orcs
  13 ball pythons
  8 endoplasms
  4 giant cockroaches
  5 goblins
  11 hobgoblins
  3 quokkas
  5 bats (D:1)
  6 frilled lizards
  8 kobolds
  4 rats
107 creatures vanquished.

Vanquished Creatures (others)
  3 plants (D:1)
3 creatures vanquished.

Grand Total: 110 creatures vanquished
